 Dungeon Crawl Stone Soup version 0.29.1-1-gd02db6906a (webtiles) character file.

Game seed: 551340945670330640

66 ImASeal the Shield-Bearer (level 3, 0/36 HPs)
             Began as a Troll Fighter on Sept 28, 2022.
             Slain by an adder (2 damage)
             ... on level 3 of the Dungeon.
             The game lasted 00:02:40 (1615 turns).

ImASeal the Shield-Bearer (Troll Fighter)           Turns: 1615, Time: 00:02:41

Health: 0/36       AC:  4    Str: 32    XL:     3   Next: 96%
Magic:  2/2        EV:  8    Int:  4    God:
Gold:   165        SH:  7    Dex:  9    Spells: 2/2 levels left

rFire   . . .      SeeInvis .   a - +0 flail
rCold   . . .      Faith    .   c - +0 kite shield
rNeg    . . .      Spirit   .   b - +0 robe
rPois   .          Reflect  .   (helmet restricted)
rElec   .          Harm     .   (no cloak)
rCorr   .          Rampage  .   (gloves unavailable)
Will    .....                   (boots unavailable)
Stlth   +.........              (no amulet)
HPRegen 0.92/turn               l - +6 ring of strength
MPRegen 0.08/turn               (no ring)

@: no status effects
A: large, unfitting armour, claws 3, regeneration 1, shaggy fur 1, tough skin 1
a: no special abilities


You were on level 3 of the Dungeon.
You visited 1 branch of the dungeon, and saw 3 of its levels.

You collected 165 gold pieces.

Inventory:

Hand Weapons
 a - a +0 flail (weapon)
Armour
 b - a +0 robe (worn)
 c - a +0 kite shield (worn)
Jewellery
 l - a +6 ring of strength (left claw)
 s - a ring of positive energy
Scrolls
 h - 4 scrolls of teleportation {unknown}
 i - a scroll of enchant armour {unknown}
 j - a scroll of enchant weapon {unknown}
 o - a scroll of amnesia {unknown}
 p - a scroll of magic mapping {unknown}
 q - a scroll of vulnerability {unknown}
 r - a scroll of identify {unknown}
Potions
 d - a potion of might
 e - a potion of attraction {unknown}
 f - a potion of lignification {unknown}
 g - a potion of berserk rage {unknown}
 k - a potion of curing {unknown}
 m - a potion of haste {unknown}
 n - a potion of mutation {unknown}


   Skills:
 + Level 2.8 Fighting
 + Level 2.7 Maces & Flails
 + Level 0.3 Throwing
 + Level 2.8 Dodging
 + Level 3.0 Shields


You had 2 spell levels left.
You didn't know any spells.
Your spell library contained the following spells:

 Spells                   Type           Power      Damage    Failure   Level
 Foxfire                  Conj/Fire      0%         2x1d4     80%         1
 Conjure Flame            Conj/Fire      0%         6-21      99%         3
 Inner Flame              Hex/Fire       0%         N/A       99%         3
 Flame Wave               Conj/Fire      0%         2d4       100%        4


Dungeon Overview and Level Annotations

Branches:
Dungeon (3/15)

Altars:
Sif Muna


Innate Abilities, Weirdness & Mutations

You are too large for most types of armour.
You have claws for hands.
Your natural rate of healing is unusually fast.
You are covered in fur. (AC +1)
You have tough skin. (AC +1)


Message History

The bat hits you but does no damage. The bat barely misses you.
The orc hits you from afar with a +0 trident.
The bat hits you but does no damage.
The orc hits you from afar with a +1 trident of venom.
You are poisoned.
The orc hits you but does no damage.
You barely miss the orc.
You feel very sick. The bat hits you but does no damage.
The bat barely misses you.
The orc hits you from afar with a +1 trident of venom.
You are more poisoned.
The orc barely misses you.
You thump the orc!
You kill the orc!
You feel very sick. The bat hits you but does no damage.
The bat barely misses you. You block the orc's attack.
An endoplasm comes into view.
You feel very sick.
The endoplasm quivers.
The bat hits you.
The orc hits you with a +1 trident of venom!
* * * LOW HITPOINT WARNING * * *
The endoplasm moves out of view.
Things that are here:
a +0 trident; a +0 leather armour You feel sick.
You block the bat's attack. You block the orc's attack.
You feel sick. You block the bat's attack.
You feel sick. You block the bat's attack.
You feel sick. The bat barely misses you.
You feel sick. The bat hits you but does no damage.
You feel sick. The bat hits you but does no damage.
The adder attacks as you move away! The adder bites you but does no damage.
You feel sick. The adder attacks as you move away! The adder bites you.
* * * LOW HITPOINT WARNING * * *
You feel sick.
You are no longer poisoned.
The adder bites you.
You die...

........#####.........
... #)..............
.....##........#.....
. #....)...##....##..
#####J............
#..........#
#.o........#
...######..........#
.......@S..........#
...##...b....>...).#
####...........#
##..>.......#####
#......[.......<
#..........#####
############


You could see an adder, an orc and a bat.

Vanquished Creatures
  2 adders (D:2)
  A worm (D:2)
  A dart slug (D:1)
  2 orcs (D:3)
  5 bats (D:2)
  2 endoplasms
  2 giant cockroaches
  2 goblins
  3 hobgoblins
  4 jackals (D:2)
  A quokka (D:1)
  4 ball pythons
  6 frilled lizards (D:1)
  4 kobolds
  A rat (D:2)
40 creatures vanquished.

Notes
Turn   | Place    | Note
-------+----------+-------------------------------------------
     0 | D:1      | ImASeal the Troll Fighter began the quest for the Orb.
     0 | D:1      | Reached XP level 1. HP: 22/22 MP: 0/0
   168 | D:1      | Reached XP level 2. HP: 29/29 MP: 1/1
   773 | D:2      | Reached XP level 3. HP: 36/36 MP: 2/2
  1108 | D:2      | Found a faded altar of an unknown god.
  1278 | D:2      | Reached skill level 3 in Shields
  1393 | D:2      | Found a shimmering blue altar of Sif Muna.
  1615 | D:3      | Slain by an adder

Illustrated notes

Levels and vault maps discovered:
D:1:      heliophobic_arrival_battle_scene, layout_loops_corners,
          minmay_lizard_pond
D:2:      layout_basic, shapermc_ecumenical_altar_ellora, basic_altar,
          minmay_crystal_water, minmay_misc_feat_plants
D:3:      layout_rooms, nicolae_wu_jian_glorious_leap

Skill      XL: |  1  2  3 |
---------------+----------+-----
Maces & Flails | 2 |  2.7
Shields        | 3 |  3.0
Fighting       | |  2.8
Throwing       | |  0.3
Dodging        | |  2.8

Action                   || total
-------------------------++-------
Melee: Flail             ||   150
Throw: Stone             ||    11
Armor: Robe              ||    69
Dodge: Dodged            ||    72
Block: Kite shield       ||    81
